 Dungeon Crawl Stone Soup version 0.24-a0-446-g87df7205b4 (webtiles) character file.

Game seed: 5402569691823579436

44755 Craser22 the Severer (level 13, 0/124 HPs)
             Began as a Minotaur Berserker on June 24, 2019.
             Was the Champion of Trog.
             Slain by a spiny frog (12 damage)
             ... on level 5 of the Lair of Beasts.
             The game lasted 01:13:14 (20728 turns).

Craser22 the Severer (Minotaur Berserker)          Turns: 20728, Time: 01:13:15

Health: 0/124      AC: 20    Str: 23    XL:     13   Next: 98%
Magic:  0/21       EV:  8    Int:  4    God:    Trog [******]
Gold:   744        SH:  0    Dex: 14    Spells: 12/12 levels left

rFire    . . .     SeeInvis .   a - +5 executioner's axe (flame)
rCold    . . .     Gourm    .   (shield currently unavailable)
rNeg     . . .     Faith    .   z - +0 plate armour {rPois}
rPois    +         Spirit   +   v - +1 hat
rElec    .         Reflect  .   w - scarf {Spirit}
rCorr    .         Harm     .   C - +0 pair of gloves
MR       .....                  b - +0 pair of boots
Stlth    ..........             (no amulet)
HPRegen  0.30/turn              A - ring of magical power
MPRegen  0.17/turn              p - ring of flight

@: berserk cooldown, slowed, very slow
A: retaliatory headbutt, horns 2
a: Berserk, Trog's Hand, Brothers in Arms, Renounce Religion, Evoke Flight


You were on level 5 of the Lair of Beasts.
You worshipped Trog.
Trog was exalted by your worship.
You were hungry.

You visited 2 branches of the dungeon, and saw 16 of its levels.

You collected 1104 gold pieces.
You spent 360 gold pieces at shops.


Innate Abilities, Weirdness & Mutations

You reflexively headbutt those who attack you in melee.
You have a pair of horns on your head.


   Skills:
 + Level 14.0 Fighting
 + Level 19.9 Axes
 + Level 13.8 Armour
 - Level 2.1 Dodging


You had 12 spell levels left.
You didn't know any spells.
Your spell library was empty.

Inventory:

Hand Weapons
 a - a +5 executioner's axe of flaming (weapon)
Missiles
 d - 444 stones (quivered)
 y - 6 silver boomerangs
Armour
 b - a +0 pair of boots (worn)
 v - a +1 hat (worn)
 w - a scarf of spirit shield (worn)
 z - a +0 plate armour of poison resistance (worn)
 C - a +0 pair of gloves (worn)
 H - a +2 cloak
Jewellery
 p - a ring of flight (right hand)
 A - a ring of magical power (left hand)
 P - an uncursed amulet of magic regeneration {unknown}
Wands
 s - a wand of disintegration (14)
 K - a wand of iceblast (10)
 N - a wand of polymorph (7)
Scrolls
 e - a scroll of immolation {!r}
 f - 13 scrolls of remove curse
 i - 2 scrolls of fog
 k - 3 scrolls of blinking
 n - 10 scrolls of teleportation {@r4}
 o - 2 scrolls of enchant armour
 D - 2 scrolls of fear
 F - 2 scrolls of holy word {unknown}
 I - a scroll of random uselessness {unknown}
 J - a scroll of vulnerability {unknown}
 M - a scroll of summoning {unknown}
 O - 2 scrolls of magic mapping {unknown}
Potions
 g - a potion of heal wounds {@q2}
 h - 2 potions of brilliance {unknown}
 j - 4 potions of curing {@q1}
 l - a potion of invisibility {unknown}
 m - 4 potions of flight {unknown}
 q - a potion of ambrosia {unknown}
 r - 5 potions of degeneration {unknown}
 t - 5 potions of lignification {unknown}
 u - 3 potions of magic {unknown}
 x - 2 potions of agility {unknown}
 B - a potion of resistance {unknown}
 E - 2 potions of mutation {unknown}
 G - a potion of cancellation {unknown}
Comestibles
 c - 34 rations
 L - 6 chunks of flesh

Dungeon Overview and Level Annotations

Branches:
Dungeon (10/15)            Temple (0/1) D:6            Lair (6/6) D:10
  Swamp (0/4) Lair:3        Snake (0/4) Lair:3
  Slime: Lair:5-6       Orc: D:9-12

Altars:
Cheibriados
Dithmenos
Fedhas
Gozag
Makhleb
Okawaru
Sif Muna
Trog
Xom
Yredelemnul
Zin

Shops:
D:6 [   D:7 (   D:8 ?((*?

Portals:
Trove: D:10 (give 2 scrolls of acquirement)

Annotations:
D:10 trove - 2 scrolls of aquirement
Lair:3 3 runed translucent doors - rC, StandStab's ghost, journeyman MiFi

▒f.........................▒▒..
▒▒▒....▒▒..f.▒....▒........P..▒..
.▒▒....P▒..▒▒▒..▒▒▒▒..▒.▒▒▒P...▒.
............▒..▒▒ ▒..▒▒▒▒▒P..▒▒..
....>..▒........▒ ▒▒.▒▒ ▒P...▒.▒.
P.....▒▒.......▒▒▒▒...▒ ▒▒▒......
▒▒▒.............▒▒....▒▒▒▒.......
▒▒.........▒....▒.....f▒.......
▒............FHf...............
▒▒.....▒P▒..........▒▒.f▒..▒...
▒.....▒▒▒▒........[...▒▒▒.▒.▒▒.
▒......▒▒▒......)..fP..▒).▒▒...
▒▒..f.f▒.▒▒....................
▒..▒....▒▒..........P.........▒
▒▒▒P.▒▒..................▒▒▒▒▒...
▒.▒...▒▒fP..▒▒▒.....▒P.▒▒▒▒▒.▒▒.▒
▒▒.....▒....▒ ▒▒..P.▒▒▒▒......▒..


You could see a spiny frog.


Message History

You furiously retaliate!
You headbutt the black mamba! The spiny frog closely misses you.
You furiously retaliate!
You headbutt the spiny frog, but do no damage.
The black mamba bites you!
* * * LOW HITPOINT WARNING * * *
The spiny frog stings you but does no damage.
The black mamba bites you but does no damage.
You closely miss the spiny frog.
You headbutt the spiny frog, but do no damage.
The spiny frog is severely wounded.
You hit the fungus but do no damage. You slash the black mamba!
You burn the black mamba.
You kill the black mamba!
Trog accepts your kill.
Your Fighting skill increases to level 14!
The sentinel's mark upon you fades away.
The spiny frog stings you!
* * * LOW HITPOINT WARNING * * *
The spiny frog barely misses you. You furiously retaliate!
You headbutt the spiny frog, but do no damage.
You barely miss the spiny frog.
The spiny frog is severely wounded.
You slash the fungus! You burn the fungus. The spiny frog stings you!
You die...

Action                   |  1- 3 |  4- 6 |  7- 9 | 10-12 | 13-15 || total
-------------------------+-------+-------+-------+-------+-------++-------
Melee: Hand axe          |    96 |   145 |    26 |       |       ||   267
       Headbutt          |    17 |    34 |    67 |   115 |    26 ||   259
       War axe           |       |       |   237 |    90 |       ||   327
       Executioner's axe |       |       |       |   359 |   156 ||   515
       Battleaxe         |       |       |       |    19 |       ||    19
       Morningstar       |       |       |       |     2 |       ||     2
Invok: Berserk           |       |     2 |     4 |     6 |     2 ||    14
  Use: Scroll            |       |     6 |     6 |     6 |       ||    18
       Potion            |       |       |       |       |     1 ||     1
  Eat: Chunk             |     4 |     8 |    13 |    30 |     6 ||    61
       Ration            |       |       |     2 |     1 |     1 ||     4
Armor: Animal skin       |     2 |       |       |       |       ||     2
       Ring mail         |    25 |    32 |       |       |       ||    57
       Scale mail        |       |    23 |    48 |       |       ||    71
       Plate armour      |       |       |    55 |   327 |   114 ||   496
Dodge: Dodged            |    56 |    89 |    74 |   175 |    82 ||   476

Levels and vault maps discovered:
D:1:      ldierk_water_garden, layout_basic, minmay_tetromino_s2
D:2:      minmay_evil_eye, layout_basic, nicolae_overflow_crystal_walls,
          grunt_dithmenos_smoke_and_mirrors, hangedman_decor_opposing,
          kennysheep_generic_room_14
D:3:      layout_loops_cross, minitemple, minmay_randomly_rotated_circles
D:4:      layout_cave_pools, okawaru_altar_gauntlet_db, first_ration,
          led_sif_book
D:5:      layout_basic, lemuel_round_altar, chequers_serial_rivers_small_b,
          hangedman_decor_push, kennysheep_diamond
D:6:      layout_basic, kennysheep_mini, minmay_temple_entry_mist, serial_shops,
          kennysheep_mini_moat
D:7:      layout_basic, serial_shops, kennysheep_little_box
D:8:      layout_loops_ring, chequers_ossuary_entry_cave, serial_shops,
          nicolae_shop_trees, shop, shop_coins, nicolae_shop_stone,
          nicolae_shop_temple_entry_statues_fountains
D:9:      layout_long_grid, nicolae_overflow_hidden_temple, lemuel_doored_altar
D:10:     layout_loops_ring, dpeg_oklobed_lair, enter_trove_5, grunt_tengu_nest,
          xom_teletrap_fun
Lair:1:   layout_cave_pods, special_room [special_room_bee],
          nicolae_quartered_pool_super, beast_lair_carwin_7
Lair:2:   layout_cave_pods, serial_bayou_ford_a
Lair:3:   layout_cave_pods, minmay_swamp_entry_worms, dummy_snake_entry,
          gammafunk_ghost_icy
Lair:4:   layout_loops_ring, uniq_rupert
Lair:5:   beast_lair_carwin_large_2, layout_loops_ring, basic_altar
Lair:6:   hangedman_lair_tendril_chambers, layout_small_grid,
          guppyfry_lair_end_dragon, minmay_slime_entry_eyes

Notes
Turn   | Place    | Note
-------+----------+-------------------------------------------
     0 | D:1      | Craser22 the Minotaur Berserker began the quest for the
                  | Orb.
     0 | D:1      | Reached XP level 1. HP: 19/19 MP: 0/0
   394 | D:1      | Reached skill level 4 in Axes
   785 | D:1      | Reached XP level 2. HP: 22/26 MP: 1/1
  1161 | D:1      | Reached ** piety under Trog
  1161 | D:1      | Reached skill level 5 in Axes
  1580 | D:2      | Reached XP level 3. HP: 27/31 MP: 2/2
  1640 | D:2      | Found a shadowy altar of Dithmenos.
  1996 | D:2      | Found a burning altar of Makhleb.
  2059 | D:2      | Reached XP level 4. HP: 39/39 MP: 3/3
  2065 | D:2      | Reached skill level 6 in Axes
  2959 | D:3      | Reached *** piety under Trog
  2960 | D:3      | Reached XP level 5. HP: 44/45 MP: 4/4
  2962 | D:3      | Reached skill level 7 in Axes
  3094 | D:3      | Found an opulent altar of Gozag.
  3100 | D:3      | Found a blossoming altar of Fedhas.
  3728 | D:3      | Reached skill level 8 in Axes
  3831 | D:3      | Reached XP level 6. HP: 24/51 MP: 5/5
  4140 | D:4      | Reached skill level 9 in Axes
  4381 | D:4      | Reached XP level 7. HP: 57/57 MP: 6/6
  4469 | D:4      | Reached skill level 10 in Axes
  4755 | D:4      | Found an iron altar of Okawaru.
  4834 | D:4      | Reached **** piety under Trog
  4903 | D:4      | Found a deep blue altar of Sif Muna.
  5366 | D:5      | Entered Level 5 of the Dungeon
  5390 | D:5      | Found a basalt altar of Yredelemnul.
  5504 | D:5      | Reached skill level 11 in Axes
  5974 | D:5      | Reached XP level 8. HP: 28/64 MP: 7/7
  6517 | D:6      | Reached skill level 12 in Axes
  6862 | D:6      | Found Vatok's Armour Emporium.
  6865 | D:6      | Bought a +1 hat for 143 gold pieces
  6865 | D:6      | Bought a scarf of spirit shield for 117 gold pieces
  7007 | D:6      | Reached skill level 13 in Axes
  7187 | D:6      | Found a bloodstained altar of Trog.
  7275 | D:6      | Found a staircase to the Ecumenical Temple.
  7553 | D:6      | Reached XP level 9. HP: 50/70 MP: 5/8
  7734 | D:6      | Reached skill level 14 in Axes
  8227 | D:7      | Reached ***** piety under Trog
  8370 | D:7      | Found Xusapeqi's Weapon Shoppe.
  9076 | D:8      | Found Wikk's Magic Scroll Shoppe.
  9076 | D:8      | Noticed a two-headed ogre
  9081 | D:8      | Killed a two-headed ogre
  9081 | D:8      | Reached skill level 15 in Axes
  9094 | D:8      | Bought 2 scrolls of identify for 44 gold pieces
  9168 | D:8      | Found Hilep's General Store.
  9168 | D:10     | Entered Level 10 of the Dungeon
  9168 | D:10     | Noticed a tengu warrior
  9177 | D:10     | Killed a tengu warrior
  9177 | D:10     | Reached skill level 16 in Axes
  9234 | D:9      | Found a deep blue altar of Sif Muna.
  9249 | D:9      | Reached skill level 4 in Fighting
  9249 | D:9      | Reached skill level 3 in Armour
  9292 | D:9      | Reached XP level 10. HP: 75/78 MP: 9/9
  9336 | D:9      | Found a glowing silver altar of Zin.
  9467 | D:9      | Reached skill level 4 in Armour
  9477 | D:9      | Reached skill level 5 in Fighting
  9543 | D:9      | Received a gift from Trog
  9709 | D:8      | Found Afeol's Weapon Shop.
  9897 | D:8      | Found Bekurr's Magic Scroll Shoppe.
  9919 | D:8      | Bought a scroll of identify for 28 gold pieces
  9919 | D:8      | Bought a scroll of identify for 28 gold pieces
  9977 | D:8      | Found Binesa's Weapon Shop.
 10116 | D:8      | Reached skill level 5 in Armour
 10487 | D:8      | Reached skill level 6 in Fighting
 11033 | D:10     | Noticed a two-headed ogre
 11041 | D:10     | Killed a two-headed ogre
 11041 | D:10     | Reached skill level 6 in Armour
 11043 | D:10     | Noticed a gargoyle
 11046 | D:10     | Reached skill level 7 in Fighting
 11055 | D:10     | Killed a gargoyle
 11314 | D:10     | Noticed a two-headed ogre
 11320 | D:10     | Killed a two-headed ogre
 11320 | D:10     | Reached skill level 17 in Axes
 11320 | D:10     | Reached skill level 7 in Armour
 11320 | D:10     | Reached XP level 11. HP: 76/92 MP: 10/10
 11576 | D:10     | Found a staircase to the Lair.
 11710 | D:10     | Found a shimmering altar of Xom.
 11928 | D:10     | Identified +0 steam dragon scales
 11928 | D:10     | Reached skill level 8 in Fighting
 12040 | D:10     | Noticed a vault guard
 12044 | D:10     | Killed a vault guard
 12103 | D:10     | Found a portal to a secret trove of treasure.
 12126 | D:10     | Reached skill level 8 in Armour
 12330 | Lair:1   | Entered Level 1 of the Lair of Beasts
 12330 | Lair:1   | Noticed an eight-headed hydra
 12345 | D:10     | Killed a seven-headed hydra
 12756 | Lair:1   | Noticed an eight-headed hydra
 12760 | Lair:1   | Reached skill level 9 in Fighting
 12763 | Lair:1   | Killed a four-headed hydra
 13265 | Lair:1   | Reached skill level 9 in Armour
 13844 | Lair:1   | Reached skill level 10 in Fighting
 14056 | Lair:1   | Received a gift from Trog
 14061 | Lair:1   | Reached XP level 12. HP: 73/106 MP: 11/11
 14061 | Lair:1   | Reached skill level 18 in Axes
 14085 | Lair:1   | Reached skill level 10 in Armour
 14525 | Lair:2   | Noticed a four-headed hydra
 14534 | Lair:2   | Killed a one-headed hydra
 15158 | Lair:2   | Reached skill level 11 in Fighting
 15702 | Lair:2   | Noticed a death yak
 15718 | Lair:2   | Killed a death yak
 16442 | Lair:3   | Found a staircase to the Snake Pit.
 16451 | Lair:3   | Reached skill level 11 in Armour
 16653 | Lair:3   | Noticed StandStab's ghost (journeyman MiFi)
 16982 | Lair:3   | Noticed a six-headed hydra
 16986 | Lair:3   | Killed a three-headed hydra
 17438 | Lair:3   | Found a runed translucent gate.
 17438 | Lair:3   | Found a runed translucent gate.
 17438 | Lair:3   | Found a runed translucent gate.
 17808 | Lair:3   | Found a staircase to the Swamp.
 18334 | Lair:3   | Reached skill level 12 in Fighting
 18341 | Lair:4   | Received a gift from Trog
 18381 | Lair:4   | Noticed Rupert
 18381 | Lair:4   | Noticed a seven-headed hydra
 18391 | Lair:4   | Killed a four-headed hydra
 18392 | Lair:4   | Killed Rupert
 18392 | Lair:4   | Reached skill level 19 in Axes
 18392 | Lair:4   | Reached skill level 12 in Armour
 18392 | Lair:4   | Reached XP level 13. HP: 117/119 MP: 12/12
 19526 | Lair:5   | Reached skill level 13 in Fighting
 19647 | Lair:5   | Found a snail-covered altar of Cheibriados.
 19788 | Lair:5   | Reached skill level 13 in Armour
 20425 | Lair:6   | Entered Level 6 of the Lair of Beasts
 20700 | Lair:6   | Reached ****** piety under Trog
 20727 | Lair:5   | Reached skill level 14 in Fighting
 20727 | Lair:5   | HP: 11/124 [spiny frog (10)]
 20728 | Lair:5   | Slain by a spiny frog

Vanquished Creatures
  Rupert (Lair:4)
  A vault guard (D:10)
  6 hydras
  3 two-headed ogres
  A tengu warrior (D:10)
  13 death yaks
  A wolf spider (Lair:6)
  5 black mambas
  A gargoyle (D:10)
  7 spiny frogs
  2 torpor snails
  6 komodo dragons
  A queen bee (Lair:1)
  A troll (D:10)
  A hornet (Lair:6)
  3 tyrant leeches (Lair:3)
  5 dream sheep (Lair:5)
  11 hippogriffs
  4 blink frogs (Lair:5)
  8 wyverns
  24 yaks
  A wraith (D:10)
  A basilisk (Lair:2)
  A steam dragon (D:10)
  3 swamp worms (Lair:3)
  17 water moccasins
  8 porcupines
  6 orc warriors
  2 ice beasts
  2 sky beasts (D:6)
  3 phantoms
  7 ogres
  2 necrophages
  6 centaurs
  14 wolves
  9 crocodiles
  A big kobold (D:9)
  15 bullfrogs
  A wyvern skeleton (D:9)
  A scorpion (D:8)
  4 howler monkeys (D:9)
  24 killer bees (Lair:1)
  An electric eel (Lair:2)
  A jelly (D:7)
  6 crimson imps
  3 hounds
  3 bullfrog zombies
  2 centaur skeletons
  7 orc priests
  A gnoll shaman (D:10)
  14 orc wizards
  2 bullfrog skeletons (D:8)
  3 iguanas
  7 worker ants
  A hound zombie (D:10)
  3 hound skeletons
  19 gnolls
  11 adders
  6 shadow imps
  An ooze (D:7)
  5 worms
  An adder skeleton (D:9)
  6 leopard geckos
  56 orcs
  A ball python (D:3)
  6 bats
  5 giant cockroaches
  13 hobgoblins
  10 jackals
  18 kobolds
  2 quokkas (D:2)
  5 frilled lizards
  12 goblins
  A jackal skeleton (D:5)
  A leopard gecko skeleton (D:7)
  A leopard gecko zombie (D:5)
  4 rats
  6 fungi
  13 plants
  A toadstool (D:1)
491 creatures vanquished.

Vanquished Creatures (others)
  12 fungi
  6 plants
  3 toadstools (D:1)
21 creatures vanquished.

Grand Total: 512 creatures vanquished
